 Dungeon Crawl Stone Soup version 0.18.1-5-g4a78601 (webtiles) character file.

35 Scarto the Covered (level 3, -6/31 HPs)
             Began as a Demonspawn Fighter on May 12, 2016.
             Mangled by a gnoll
             ... wielding a +0 flail
              (11 damage)
             ... on level 2 of the Dungeon.
             The game lasted 00:02:11 (765 turns).

Scarto the Covered (Demonspawn Fighter)              Turns: 765, Time: 00:02:12

Health: -6/31      AC:  6    Str: 17    XL:     3   Next: 17%
Magic:  3/3        EV:  7    Int:  9    God:
Gold:   122        SH:  9    Dex: 12    Spells: 0 memorised, 2 levels left

rFire  . . .     SeeInvis .     a - +1 war axe
rCold  . . .     Gourm    .     b - +0 scale mail
rNeg   . . .     Faith    .     c - +0 shield
rPois  +         Spirit   .     (no helmet)
rElec  .         Dismiss  .     (no cloak)
rCorr  .         Reflect  .     (no gloves)
SustAt .         Harm     .     (no boots)
MR     .....                    (no amulet)
Stlth  ..........               (no ring)
                                (no ring)

@: not resistant to hostile enchantments, extremely unstealthy
A: hooves 1, blink, poison resistance, robust 1
a: Blink


You were on level 2 of the Dungeon.
You were not hungry.

You visited 1 branch of the dungeon, and saw 2 of its levels.

You collected 122 gold pieces.

Inventory:

Hand Weapons
 a - a +1 war axe (weapon)
Armour
 b - a +0 scale mail (worn)
 c - a +0 shield (worn)
Scrolls
 e - 2 scrolls of fear {unknown}
 g - a scroll of amnesia
 i - 2 scrolls of teleportation
 k - 2 scrolls of remove curse {unknown}
 l - a scroll of enchant weapon
Potions
 d - 2 potions of might
 j - a potion of brilliance {unknown}
Comestibles
 f - 3 bread rations
 h - a slice of pizza


   Skills:
 + Level 3.1 Fighting
 + Level 2.2 Axes
 + Level 3.2 Armour
 + Level 3.0 Shields


You had 2 spell levels left.
You didn't know any spells.

Dungeon Overview and Level Annotations

Branches:
Dungeon (2/15)

Altars:
The Shining One


Innate Abilities, Weirdness & Mutations

You have large cloven feet.
You can translocate small distances at will.
Your system is resistant to poisons.
You are robust (+10% HP).


Message History

You barely miss the gnoll.
The gnoll is heavily wounded.
You block the gnoll's attack. x2; The gnoll completely misses you.
You closely miss the gnoll.
The gnoll is almost dead.
You hit the gnoll.
The gnoll is heavily wounded.
The gnoll hits you but does no damage.
The gnoll hits you from afar with a spear.
* * * LOW HITPOINT WARNING * * *
The gnoll hits you with a club.
* * * LOW HITPOINT WARNING * * *
You block the gnoll's attack.
You barely miss the gnoll.
The gnoll is almost dead.
You hit the gnoll.
The gnoll is severely wounded.
The gnoll hits you but does no damage. You block the gnoll's attack.
The gnoll barely misses you. The gnoll hits you with a flail!
You die...

### ######## ..#
#....... ..# #.######
#g# #.# ##g# #.######
#.#..g###### #.......
#....)@(...#####.######
###..g..(!..>....#
##.#.###<#####.# ###
#.#.# #.# #.# #... #
#.# #.# #.# .#.# ..#
#.# #.# ##. ### #.# #.#
#.# #.# #.# #.# #.#
.###.#


You could see 4 gnolls.

Vanquished Creatures
  2 dart slugs (D:1)
  A giant gecko (D:1)
  2 bats (D:1)
  5 goblins
  3 hobgoblins (D:1)
  2 jackals (D:1)
  A quokka (D:2)
  3 giant newts
  8 kobolds
  A rat (D:1)
28 creatures vanquished.

Notes
Turn   | Place    | Note
--------------------------------------------------------------
     0 | D:1      | Scarto the Demonspawn Fighter began the quest for the Orb.
     0 | D:1      | Reached XP level 1. HP: 18/18 MP: 1/1
   132 | D:1      | Gained mutation: You have large cloven feet. [demonic ancestry]
   132 | D:1      | Reached XP level 2. HP: 23/24 MP: 2/2
   553 | D:2      | Gained mutation: Your system is resistant to poisons. [potion of mutation]
   553 | D:2      | Gained mutation: You are robust (+10% HP). [potion of mutation]
   553 | D:2      | Gained mutation: You can translocate small distances at will. [potion of mutation]
   567 | D:2      | Found a glowing golden altar of the Shining One.
   592 | D:2      | Reached XP level 3. HP: 26/31 MP: 3/3
   765 | D:2      | Mangled by a gnoll

Skill      XL: |  1  2 |
---------------+-------+-----
Armour         | 3 |  3.2
Axes           | 2 |  2.2
Shields        | 3 |  3.0
Fighting       | |  3.1

Action                   || total
-------------------------++-------
Melee: War axe           ||   100
       Kick              ||    13
  Use: Scroll            ||     5
       Potion            ||     1
Armor: Scale mail        ||    53
Dodge: Dodged            ||    37
Block: Shield            ||    66
